TOP OF THE 1ST |
Colorado Rockies batting - Pitching for Washington Nationals : LHP Kerry Baty
|
Pitching: LHP Kerry Baty
|
|
Batting: SHB Eddie Quinones
|
0-0: Ball 1-0: Ball 2-0: Ball 3-0: Called Strike 3-1: Foul Ball, location: 2F 3-2: Foul Ball, location: 2F 3-2: Foul Ball, location: 2F 3-2: Strikes out swinging, 2-3 out at first.
|
Batting: LHB Freddy Troncoso
|
0-0: SINGLE (Line Drive, 78M, EV 90.0 MPH)
|
Batting: SHB Jerry Luckwell
|
0-0: Ball 1-0: Ball 2-0: Called Strike 2-1: Ball Freddy Troncoso steals 2nd base (no throw) 3-1: Base on Balls
|
Batting: RHB Cesar Breceda
|
0-0: Ball 1-0: Foul Ball, location: 2F 1-1: Foul Ball, location: 2F 1-2: Foul Ball, location: 2F 1-2: Ball 2-2: Strikes out looking
|
Batting: RHB Henry Alvizo
|
0-0: Foul Ball, location: 2F 0-1: Foul Ball, location: 2F 0-2: Foul Ball, location: 2F 0-2: Ball 1-2: Ball 2-2: SINGLE (Flyball, 4D, EV 90.0 MPH) Freddy Troncoso to third Jerry Luckwell to second Runner from 3rd tries for Home, SAFE, throw by RF to home
|
Batting: SHB Andy Vivas
|
0-0: Ball 1-0: Fly out, F7 (Flyball, 7LS, EV 81.9 MPH)
|
Top of the 1st over - 1 run, 2 hits, 0 errors, 2 left on base; Colorado 1 - Washington 0 |
BOTTOM OF THE 1ST |
Washington Nationals batting - Pitching for Colorado Rockies : RHP Colin Lancey Jr.
|
Pitching: RHP Colin Lancey Jr.
|
|
Batting: RHB Tommy Baird
|
0-0: Called Strike 0-1: Ball 1-1: Called Strike 1-2: Strikes out swinging
|
Batting: RHB Dave Vargas
|
0-0: Called Strike 0-1: Foul Ball, location: 2F 0-2: Ball 1-2: Ball 2-2: Ball 3-2: Fly out, F6 (Popup, 6M, EV 54.4 MPH)
|
Batting: LHB Seth Cook
|
0-0: Ball 1-0: Called Strike 1-1: Swinging Strike 1-2: Strikes out looking
|
Bottom of the 1st over - 0 runs, 0 hits, 0 errors, 0 left on base; Colorado 1 - Washington 0 |
TOP OF THE 2ND |
Colorado Rockies batting - Pitching for Washington Nationals : LHP Kerry Baty
|
Batting: LHB Andy Bowman
|
0-0: Called Strike 0-1: Foul Ball, location: 2F 0-2: Ground out 6-3 (Groundball, 6M, EV 100.6 MPH)
|
Batting: SHB Jon Munoz
|
0-0: Ball 1-0: Ball 2-0: Ball 3-0: Called Strike 3-1: SINGLE (Line Drive, 9S, EV 97.5 MPH)
|
Batting: LHB Greg Valenzuela
|
0-0: Ball 1-0: Ball 2-0: Ball 3-0: Swinging Strike 3-1: Swinging Strike 3-2: Strikes out swinging
|
Batting: SHB Eddie Quinones
|
0-0: Ball 1-0: Ball 2-0: Called Strike 2-1: Fly out, F8 (Line Drive, 8LM, EV 99.4 MPH)
|
Top of the 2nd over - 0 runs, 1 hit, 0 errors, 1 left on base; Colorado 1 - Washington 0 |
BOTTOM OF THE 2ND |
Washington Nationals batting - Pitching for Colorado Rockies : RHP Colin Lancey Jr.
|
Batting: RHB Kirk Arp
|
0-0: Called Strike 0-1: SINGLE (Line Drive, 78M, EV 92.5 MPH)
|
Batting: LHB Emmanuel Gaskin
|
0-0: Called Strike 0-1: Foul Ball, location: 2F 0-2: Strikes out swinging
|
Batting: RHB John Sanders
|
0-0: Ball 1-0: Ball 2-0: Grounds into double play, 6-4-3 (Groundball, 6, EV 80.0 MPH)
|
Bottom of the 2nd over - 0 runs, 1 hit, 0 errors, 0 left on base; Colorado 1 - Washington 0 |
TOP OF THE 3RD |
Colorado Rockies batting - Pitching for Washington Nationals : LHP Kerry Baty
|
Batting: LHB Freddy Troncoso
|
0-0: Ball 1-0: Called Strike 1-1: Ball 2-1: Foul Ball, location: 2F 2-2: Fly out, F8 (Flyball, 8LD, EV 86.2 MPH)
|
Batting: SHB Jerry Luckwell
|
0-0: Swinging Strike 0-1: Ball 1-1: Swinging Strike 1-2: Ball 2-2: Strikes out swinging
|
Batting: RHB Cesar Breceda
|
0-0: Ground out 5-3 (Groundball, 56, EV 85.0 MPH)
|
Top of the 3rd over - 0 runs, 0 hits, 0 errors, 0 left on base; Colorado 1 - Washington 0 |
BOTTOM OF THE 3RD |
Washington Nationals batting - Pitching for Colorado Rockies : RHP Colin Lancey Jr.
|
Batting: LHB Kyung-jin Cho
|
0-0: Ball 1-0: Called Strike 1-1: Ball 2-1: Foul Ball, location: 2F 2-2: Ground out 5-3 (Groundball, 56S, EV 78.1 MPH)
|
Batting: LHB Griffin Ferris
|
0-0: Fly out, F4 (Popup, 4D, EV 54.4 MPH)
|
Batting: RHB Darren McCarty Jr.
|
0-0: Called Strike 0-1: Called Strike 0-2: Strikes out looking
|
Bottom of the 3rd over - 0 runs, 0 hits, 0 errors, 0 left on base; Colorado 1 - Washington 0 |
TOP OF THE 4TH |
Colorado Rockies batting - Pitching for Washington Nationals : LHP Kerry Baty
|
Batting: RHB Henry Alvizo
|
0-0: Foul Ball, location: 2F 0-1: Swinging Strike 0-2: Strikes out swinging
|
Batting: SHB Andy Vivas
|
0-0: Called Strike 0-1: Ball 1-1: Ball 2-1: Ball 3-1: Base on Balls
|
Batting: LHB Andy Bowman
|
0-0: Ball 1-0: Ball 2-0: Swinging Strike 2-1: Foul Ball, location: 2F 2-2: Foul Ball, location: 2F 2-2: Ball 3-2: Base on Balls Andy Vivas to second
|
Batting: SHB Jon Munoz
|
0-0: Swinging Strike 0-1: Foul Ball, location: 2F 0-2: Strikes out swinging
|
Batting: LHB Greg Valenzuela
|
0-0: Called Strike 0-1: Ball 1-1: Ground out 4-3 (Groundball, 4, EV 76.9 MPH)
|
Top of the 4th over - 0 runs, 0 hits, 0 errors, 2 left on base; Colorado 1 - Washington 0 |
BOTTOM OF THE 4TH |
Washington Nationals batting - Pitching for Colorado Rockies : RHP Colin Lancey Jr.
|
Batting: RHB Tommy Baird
|
0-0: Foul Ball, location: 2F 0-1: Ball 1-1: Called Strike 1-2: Strikes out swinging
|
Batting: RHB Dave Vargas
|
0-0: Ball 1-0: Ball 2-0: Called Strike 2-1: Ball 3-1: Foul Ball, location: 2F 3-2: Foul Ball, location: 2F 3-2: Base on Balls
|
Batting: LHB Seth Cook
|
0-0: Called Strike Dave Vargas is caught stealing 2nd base 2-6 0-1: Ball 1-1: Foul Ball, location: 2F 1-2: Ball 2-2: Ground out 4-3 (Groundball, 4, EV 78.8 MPH)
|
Bottom of the 4th over - 0 runs, 0 hits, 0 errors, 0 left on base; Colorado 1 - Washington 0 |
TOP OF THE 5TH |
Colorado Rockies batting - Pitching for Washington Nationals : LHP Kerry Baty
|
Batting: SHB Eddie Quinones
|
0-0: Ball 1-0: Swinging Strike 1-1: Called Strike 1-2: Ball 2-2: Ball 3-2: Strikes out looking
|
Batting: LHB Freddy Troncoso
|
0-0: Foul Ball, location: 2F 0-1: DOUBLE (Flyball, 78XD, EV 111.2 MPH)
|
Batting: SHB Jerry Luckwell
|
0-0: Swinging Strike 0-1: Ball 1-1: Called Strike 1-2: Ball 2-2: Ball Wild Pitch! Freddy Troncoso to third 3-2: Base on Balls
|
Batting: RHB Cesar Breceda
|
0-0: Ball 1-0: Ball 2-0: DOUBLE (Line Drive, 78D, EV 102.5 MPH) Freddy Troncoso scores Jerry Luckwell to third Runner from 3rd tries for Home, SAFE, no throw by LF
|
Batting: RHB Henry Alvizo
|
0-0: Called Strike 0-1: Ball 1-1: Ball 2-1: Ball 3-1: Base on Balls
|
Batting: SHB Andy Vivas
|
0-0: Swinging Strike 0-1: Swinging Strike 0-2: Strikes out swinging
|
Pitching: RHP Cory Jones
|
|
Batting: LHB Andy Bowman
|
0-0: SINGLE (Line Drive, 6MD, EV 104.4 MPH) Cesar Breceda to third Henry Alvizo to second Runner from 3rd tries for Home, SAFE, throw by CF to home
|
Batting: SHB Jon Munoz
|
0-0: Foul Ball, location: 2F 0-1: Fielders Choice at 2nd, 5-4 (Groundball, 56, EV 93.8 MPH)
|
Top of the 5th over - 3 runs, 3 hits, 0 errors, 2 left on base; Colorado 4 - Washington 0 |
BOTTOM OF THE 5TH |
Washington Nationals batting - Pitching for Colorado Rockies : RHP Colin Lancey Jr.
|
Batting: RHB Kirk Arp
|
0-0: Ball 1-0: Ball 2-0: Foul Ball, location: 2F 2-1: Called Strike 2-2: Fly out, F7 (Flyball, 7, EV 93.1 MPH)
|
Batting: LHB Emmanuel Gaskin
|
0-0: Called Strike 0-1: Ball 1-1: Ball 2-1: Foul Ball, location: 2F 2-2: SINGLE (Line Drive, 89S, EV 101.9 MPH)
|
Batting: RHB John Sanders
|
0-0: Grounds into double play, 4-6-3 (Groundball, 4, EV 87.5 MPH)
|
Bottom of the 5th over - 0 runs, 1 hit, 0 errors, 0 left on base; Colorado 4 - Washington 0 |
TOP OF THE 6TH |
Colorado Rockies batting - Pitching for Washington Nationals : RHP Cory Jones
|
Batting: LHB Greg Valenzuela
|
0-0: Called Strike 0-1: Ball 1-1: Called Strike 1-2: Ball 2-2: Foul Ball, location: 2F 2-2: Strikes out swinging
|
Batting: SHB Eddie Quinones
|
0-0: Foul Ball, location: 2F 0-1: Ball 1-1: Called Strike 1-2: Ball 2-2: Strikes out swinging
|
Batting: LHB Freddy Troncoso
|
0-0: Foul Ball, location: 2F 0-1: Fly out, F7 (Line Drive, 7LS, EV 101.2 MPH)
|
Top of the 6th over - 0 runs, 0 hits, 0 errors, 0 left on base; Colorado 4 - Washington 0 |
BOTTOM OF THE 6TH |
Washington Nationals batting - Pitching for Colorado Rockies : RHP Colin Lancey Jr.
|
Batting: LHB Kyung-jin Cho
|
0-0: Swinging Strike 0-1: Fly out, F8 (Flyball, 8RD, EV 100.0 MPH)
|
Batting: LHB Griffin Ferris
|
0-0: Called Strike 0-1: Fly out, F7 (Flyball, 7, EV 96.2 MPH)
|
Batting: RHB Darren McCarty Jr.
|
0-0: Ball 1-0: Ball 2-0: Foul Ball, location: 2F 2-1: Ball 3-1: Called Strike 3-2: Strikes out looking
|
Bottom of the 6th over - 0 runs, 0 hits, 0 errors, 0 left on base; Colorado 4 - Washington 0 |
TOP OF THE 7TH |
Colorado Rockies batting - Pitching for Washington Nationals : RHP Cory Jones
|
Batting: SHB Jerry Luckwell
|
0-0: Ball 1-0: Swinging Strike 1-1: Called Strike 1-2: Ball 2-2: Foul Ball, location: 2F 2-2: Ball 3-2: Base on Balls
|
Batting: RHB Cesar Breceda
|
0-0: Ball 1-0: DOUBLE (Line Drive, 9LD, EV 101.9 MPH) Jerry Luckwell to third
|
Batting: RHB Henry Alvizo
|
0-0: Foul Ball, location: 2F 0-1: Ball 1-1: Foul Ball, location: 2F 1-2: Foul Ball, location: 2F 1-2: Ball 2-2: TRIPLE (Flyball, 89XD, EV 96.2 MPH) Jerry Luckwell scores Cesar Breceda scores
|
Batting: SHB Andy Vivas
|
0-0: Ball 1-0: DOUBLE (Flyball, 89D, EV 101.2 MPH) Henry Alvizo scores
|
Batting: LHB Andy Bowman
|
0-0: Ball 1-0: Ball 2-0: Swinging Strike 2-1: Ball 3-1: Called Strike 3-2: Base on Balls
|
Pitching: RHP Chris Doty
|
|
Batting: SHB Jon Munoz
|
0-0: Ball 1-0: Ball 2-0: Called Strike 2-1: Swinging Strike 2-2: Hit by Pitch Andy Vivas to third Andy Bowman to second
|
Batting: LHB Greg Valenzuela
|
0-0: Ball 1-0: Ball 2-0: Ball 3-0: Called Strike 3-1: Swinging Strike 3-2: Foul Ball, location: 2F 3-2: Strikes out looking
|
Batting: SHB Eddie Quinones
|
0-0: Ball 1-0: Foul Ball, location: 2F 1-1: Foul Ball, location: 2F 1-2: Ball 2-2: Foul Ball, location: 2F 2-2: Ball 3-2: Fly out, F9 (Flyball, 9LSF, EV 73.8 MPH)
|
Batting: LHB Freddy Troncoso
|
0-0: Ball Wild Pitch! Andy Vivas scores Andy Bowman to third Jon Munoz to second 1-0: Fly out, F8 (Flyball, 8LD, EV 100.0 MPH)
|
Top of the 7th over - 4 runs, 3 hits, 0 errors, 2 left on base; Colorado 8 - Washington 0 |
BOTTOM OF THE 7TH |
Washington Nationals batting - Pitching for Colorado Rockies : RHP Colin Lancey Jr.
|
Batting: RHB Tommy Baird
|
0-0: Called Strike 0-1: Ball 1-1: Called Strike 1-2: Fly out, F8 (Line Drive, 8LD, EV 87.5 MPH)
|
Batting: RHB Dave Vargas
|
0-0: Called Strike 0-1: Ball 1-1: Ball 2-1: DOUBLE (Line Drive, 7LS, EV 100.0 MPH)
|
Batting: LHB Seth Cook
|
0-0: Ball 1-0: Foul Ball, location: 2F 1-1: Called Strike 1-2: Foul Ball, location: 2F 1-2: SINGLE (Groundball, 34D, EV 97.5 MPH) Dave Vargas to third Runner from 3rd tries for Home, SAFE, throw by RF to home
|
Batting: RHB Kirk Arp
|
0-0: Ball 1-0: Called Strike 1-1: Fly out, F9 (Flyball, 9D, EV 103.1 MPH)
|
Batting: LHB Emmanuel Gaskin
|
0-0: Called Strike 0-1: SINGLE (Line Drive, 9S, EV 96.2 MPH) Seth Cook to second
|
Batting: RHB John Sanders
|
0-0: Ball 1-0: Swinging Strike 1-1: Foul Ball, location: 2F 1-2: Fly out, F9 (Line Drive, 9LM, EV 108.8 MPH)
|
Bottom of the 7th over - 1 run, 3 hits, 0 errors, 2 left on base; Colorado 8 - Washington 1 |
TOP OF THE 8TH |
Colorado Rockies batting - Pitching for Washington Nationals : RHP Chris Doty
|
Batting: SHB Jerry Luckwell
|
0-0: Ball 1-0: Ball 2-0: Called Strike 2-1: DOUBLE (Flyball, 89D, EV 94.4 MPH)
|
Batting: RHB Cesar Breceda
|
0-0: Called Strike 0-1: Ground out 6-3 (Groundball, 6M, EV 82.5 MPH) Jerry Luckwell to third
|
Batting: RHB Henry Alvizo
|
0-0: Ball 1-0: Ball Wild Pitch! Jerry Luckwell scores 2-0: Ball 3-0: Called Strike 3-1: Fly out, F8 (Flyball, 8RD, EV 89.4 MPH)
|
Pinch Hitting: RHB Justin Williams
|
0-0: Foul Ball, location: 2F 0-1: Ground out 4-3 (Groundball, 4, EV 78.8 MPH)
|
Top of the 8th over - 1 run, 1 hit, 0 errors, 0 left on base; Colorado 9 - Washington 1 |
BOTTOM OF THE 8TH |
Washington Nationals batting - Pitching for Colorado Rockies : RHP Colin Lancey Jr.
|
Now at 3B: Justin Williams
|
|
Batting: LHB Kyung-jin Cho
|
0-0: Ball 1-0: SINGLE (Groundball, 34S, EV 67.5 MPH) (infield hit)
|
Batting: LHB Griffin Ferris
|
0-0: Called Strike 0-1: Foul Ball, location: 2F 0-2: Foul Ball, location: 2F 0-2: Ball 1-2: Strikes out looking
|
Pinch Hitting: LHB Bob Melley
|
0-0: Swinging Strike 0-1: Ball 1-1: Ball 2-1: Foul Ball, location: 2F 2-2: Foul Ball, location: 2F 2-2: Foul Ball, location: 2F 2-2: Ball 3-2: Foul Ball, location: 2F 3-2: Foul Ball, location: 2F 3-2: Base on Balls Kyung-jin Cho to second
|
Batting: RHB Tommy Baird
|
0-0: Called Strike 0-1: Ball 1-1: Grounds into double play, U5-3 (Groundball, 5L, EV 103.1 MPH)
|
Bottom of the 8th over - 0 runs, 1 hit, 0 errors, 1 left on base; Colorado 9 - Washington 1 |
TOP OF THE 9TH |
Colorado Rockies batting - Pitching for Washington Nationals : RHP Chris Doty
|
Now at SS: Eric Wiss
|
|
Batting: LHB Andy Bowman
|
0-0: Ball 1-0: Ball 2-0: Hit by Pitch
|
Batting: SHB Jon Munoz
|
0-0: Called Strike Andy Bowman steals 2nd base (no throw) 0-1: Ball 1-1: Ball 2-1: Ball 3-1: Foul Ball, location: 2F 3-2: Base on Balls
|
Batting: LHB Greg Valenzuela
|
0-0: Grounds into double play, 4-6-3 (Groundball, 4, EV 109.4 MPH) Andy Bowman to third
|
Batting: SHB Eddie Quinones
|
0-0: Ball 1-0: Ball 2-0: Foul Ball, location: 2F 2-1: Ball 3-1: Base on Balls
|
Pitching: RHP Gareth Cutts
|
|
Batting: LHB Freddy Troncoso
|
0-0: Ground out 4-3 (Groundball, 34D, EV 106.9 MPH)
|
Top of the 9th over - 0 runs, 0 hits, 0 errors, 2 left on base; Colorado 9 - Washington 1 |
BOTTOM OF THE 9TH |
Washington Nationals batting - Pitching for Colorado Rockies : RHP Colin Lancey Jr.
|
Batting: RHB Dave Vargas
|
0-0: Ball 1-0: Fly out, F3 (Popup, 23F, EV 88.1 MPH)
|
Batting: LHB Seth Cook
|
0-0: Ball 1-0: Called Strike 1-1: Ball 2-1: Ball 3-1: Base on Balls
|
Batting: RHB Kirk Arp
|
0-0: Ball 1-0: Ball 2-0: Grounds into double play, 5-4-3 (Groundball, 56, EV 104.4 MPH)
|
Bottom of the 9th over - 0 runs, 0 hits, 0 errors, 0 left on base; Colorado 9 - Washington 1 |
|